Map: Curious Minds LE

Players

CheeseKiller

  • Race: Zerg Zerg
  • League: Diamond

LazyTurtle - Winner!

  • Race: Terran Terran
  • League: Diamond

VOD

Have the link to the VOD?

Description

Description,
Bottom Text

Time

  • Played on: Jan. 31, 2022, 2:31 p.m.
  • Length: 19:06
Show
View Real Time Build Order
Export as new Build Order

CheeseKiller Zerg 

Build Orders: Hatch First 

Get SALT Encoding   

  12  0:01  Drone  
  13  0:12  Overlord  
  13  0:16  Drone  
  14  0:31  Drone x2  
  16  0:49  Hatchery  
  15  0:52  Drone  
  15  0:55  Drone  
  17  0:59  Drone  
  18  1:09  Extractor  
  17  1:15  Spawning Pool  
  17  1:17  Drone  
  17  1:20  Drone  
  18  1:28  Drone  
  19  1:38  Drone  
  20  1:50  Overlord  
  20  2:02  Queen x2  
  20  2:03  Zergling x4  
  26  2:12  Drone x2  
  28  2:16  Metabolic Boost  
  28  2:31  Hatchery  
  28  2:34  Drone  
  28  2:40  Drone x2  
  30  2:48  Overlord  
  30  2:51  Queen  
  30  2:53  Drone  
  30  2:56  Drone  
  34  2:58  Drone  
  34  3:00  Drone  
  36  3:08  Queen  
  36  3:12  Overlord  
  38  3:18  Drone x2  
  38  3:19  Drone  
  41  3:20  Drone  
  41  3:23  Drone  
  41  3:24  Drone  
  44  3:40  Drone x3  
  47  3:46  Queen  
  47  3:48  Drone x3  
  52  3:52  Baneling Nest  
  52  3:53  Overlord  
  52  3:55  Overlord  
  51  3:59  Overlord  
  51  4:00  Drone x2  
  51  4:02  Drone  
  54  4:05  Drone x2  
  54  4:07  Drone  
  54  4:09  Drone  
  58  4:11  Drone  
  58  4:12  Drone  
  60  4:21  Drone x5  
  65  4:25  Queen  
  67  4:31  Overlord x2  
  67  4:39  Spore Crawler x2  
  67  4:40  Spore Crawler  
  67  4:41  Lair  
  67  4:42  Drone x2  
  67  4:43  Drone  
  67  4:44  Drone  
  68  4:56  Extractor  
  68  4:57  Extractor  
  53  5:14  Drone x3  
  53  5:15  Drone x12  
  68  5:31  Drone x4  
  72  5:41  Centrifugal Hooks  
  69  5:45  Hatchery  
  68  5:50  Hatchery  
  68  5:54  Drone x5  
  72  6:05  Drone x5  
  72  6:10  Drone  
  72  6:11  Drone, Evolution Chamber x2  
  79  6:14  Extractor  
  79  6:15  Extractor  
  75  6:28  Drone x4  
  75  6:31  Extractor  
  78  6:40  Drone  
  78  6:41  Zerg Melee Weapons Level 1  
  78  6:42  Zerg Ground Armor Level 1  
  78  6:48  Drone  
  78  6:49  Hydralisk Den  
  78  6:50  Drone x6  
  78  6:52  Overlord  
  78  6:53  Queen  
  86  6:54  Queen  
  86  6:58  Drone x3  
  91  7:11  Drone x5  
  90  7:28  Zergling x20  
  81  7:52  Drone x10  
  81  7:53  Drone x6  
  81  7:58  Roach Warren  
  96  8:03  Drone x7  
  96  8:04  Spore Crawler  
  102  8:10  Drone x2  
  102  8:11  Drone  
  102  8:12  Drone  
  106  8:13  Muscular Augments  
  106  8:16  Drone x3  
  106  8:18  Overlord  
  106  8:19  Overlord x3, Extractor  
  108  8:20  Overlord x2, Extractor  
  108  8:21  Drone  
  108  8:30  Infestation Pit  
  108  8:32  Zergling x4  
  109  8:42  Roach  
  109  8:43  Roach x15  
  109  8:47  Zerg Missile Weapons Level 1  
  141  8:56  Zerg Melee Weapons Level 2  
  141  8:58  Hydralisk x6  
  153  9:06  Glial Reconstitution  
  153  9:08  Hydralisk x2  
  157  9:11  Overlord x4  
  157  9:19  Drone  
  157  9:21  Overlord x2  
  158  9:24  Grooved Spines  
  158  9:30  Drone x9  
  167  9:31  Hydralisk  
  167  9:32  Hydralisk x3  
  167  9:36  Baneling  
  167  9:37  Baneling x19  
  167  9:38  Baneling x3  
  175  9:39  Hydralisk x2  
  179  9:49  Roach x8  
  179  9:50  Roach  
  197  9:55  Overseer x2  
  197  9:58  Hydralisk  
  199  10:05  Hive, Extractor  
  199  10:06  Extractor  
  143  10:38  Zergling x26  
  143  10:39  Zergling x32  
  146  11:01  Roach x10  
  166  11:05  Zerg Missile Weapons Level 2  
  166  11:08  Lurker Den  
  166  11:11  Drone x3  
  168  11:12  Drone  
  168  11:13  Baneling  
  168  11:14  Baneling x19  
  168  11:15  Baneling x11  
  169  11:31  Ravager x4  
  173  11:33  Zergling x38  
  192  11:45  Ultralisk Cavern  
  192  11:46  Zerg Melee Weapons Level 3  
  191  11:57  Hatchery  
  191  11:59  Extractor  
  191  12:00  Extractor  
  188  12:02  Ravager x5  
  171  12:48  Chitinous Plating  
  171  12:50  Ultralisk x4  
  194  13:04  Baneling x6  
  194  13:05  Baneling x12  
  180  13:33  Spine Crawler  
  179  13:34  Adaptive Talons, Spine Crawler  
  179  13:37  Spire  
  175  13:54  Ultralisk x3  
  174  14:07  Anabolic Synthesis  
  150  14:11  Ultralisk x3  
  150  14:13  Zergling x26  
  150  14:14  Zergling x50  
  150  14:15  Zergling x14  
  176  14:24  Ultralisk  
  176  14:25  Ultralisk  
  176  14:26  Zergling x2  
  176  14:27  Zergling x12  
  195  14:31  Seismic Spines  
  135  14:57  Drone  
  135  14:58  Drone x5  
  135  14:59  Drone x7  
  149  15:00  Drone x3  
  151  15:08  Baneling x3  
  151  15:09  Baneling x12  
  151  15:13  Greater Spire  
  151  15:14  Hatchery  
  151  15:15  Zerg Missile Weapons Level 3  
  151  15:16  Zerg Ground Armor Level 2  
  151  15:18  Adrenal Glands  
  151  15:19  Ultralisk  
  151  15:21  Zergling x24  
  114  15:57  Ultralisk  
  114  15:58  Ultralisk x4  
  114  15:59  Zergling x10  
  114  16:00  Zergling x10  
  154  16:12  Corruptor x4  
  162  16:29  Corruptor x4  
  162  16:30  Corruptor  
  172  16:34  Hatchery  
  171  16:40  Corruptor x2  
  171  16:42  Corruptor  
  171  16:44  Corruptor  
  179  16:53  Extractor  
  178  16:57  Extractor  
  177  17:08  Brood Lord x4  
  181  17:10  Brood Lord  
  187  17:28  Brood Lord  
  178  17:49  Brood Lord  
  178  17:50  Brood Lord x5  
  190  17:51  Zergling x6  
  190  17:52  Zergling x2  
  194  18:02  Overlord x4  
  175  18:17  Ultralisk  
  175  18:18  Ultralisk x2  
  162  18:20  Zergling x38  
  162  18:21  Zergling x20  
  158  18:35  Zergling x14  
  158  18:36  Zergling x2  
Show
View Real Time Build Order
Export as new Build Order

LazyTurtle Terran - Winner!

Build Orders: Liberator Opening, Reaper Expand, Mech 

Get SALT Encoding   

  12  0:00  SCV  
  13  0:12  SCV  
  14  0:17  Supply Depot  
  14  0:24  SCV  
  15  0:39  SCV  
  15  0:40  Barracks  
  16  0:47  Refinery  
  16  0:51  SCV  
  17  1:03  SCV  
  18  1:15  SCV  
  19  1:30  Orbital Command  
  19  1:34  Reaper  
  20  1:42  Command Center  
  20  1:54  Supply Depot  
  20  1:55  SCV  
  20  2:00  Refinery  
  21  2:07  Marine  
  21  2:08  SCV  
  23  2:16  Factory  
  23  2:20  SCV  
  24  2:31  Barracks Reactor  
  24  2:33  SCV  
  24  2:51  SCV  
  25  2:54  Orbital Command  
  25  3:03  Starport  
  25  3:11  Hellion x2  
  29  3:16  SCV  
  29  3:17  Marine  
  31  3:23  SCV  
  32  3:30  SCV  
  32  3:33  Hellion x2  
  37  3:35  SCV  
  37  3:38  Marine  
  39  3:42  Liberator  
  39  3:47  SCV x2  
  44  3:52  Supply Depot x2  
  44  4:01  SCV x2  
  46  4:14  Hellion x2  
  46  4:15  Command Center  
  46  4:16  Supply Depot  
  50  4:18  SCV  
  50  4:21  Marine  
  52  4:38  Hellion x2, Liberator  
  59  4:43  SCV x2  
  61  4:46  Barracks Tech Lab  
  61  4:52  Refinery  
  61  4:53  Factory, Refinery  
  49  5:22  SCV x2  
  51  5:33  Marine  
  51  5:34  SCV x2  
  54  5:36  Hellion x2, Liberator  
  61  5:46  SCV  
  61  5:47  SCV  
  63  5:58  SCV, Hellion x2  
  63  5:59  SCV, Factory  
  69  6:06  Engineering Bay  
  69  6:07  Armory  
  69  6:11  SCV x2  
  71  6:12  Marine  
  72  6:20  Hellion x2  
  72  6:21  Liberator  
  72  6:23  SCV x2  
  80  6:35  SCV x2  
  79  6:43  Marine  
  79  6:45  Hellion x2  
  84  6:47  SCV, Factory Tech Lab  
  84  6:51  Supply Depot x2  
  84  6:53  Siege Tank  
  88  6:55  Refinery  
  88  6:56  SCV, Refinery  
  88  6:59  Planetary Fortress, SCV  
  90  7:14  SCV x2  
  92  7:25  Siege Tank  
  83  7:49  Marine  
  83  7:51  Siege Tank  
  77  7:52  Hellion x2, Liberator  
  77  7:53  SCV x2  
  77  7:57  Supply Depot  
  84  8:02  Siege Tank  
  84  8:05  SCV x2  
  89  8:07  Marine  
  89  8:08  Supply Depot  
  90  8:16  Hellion x2  
  90  8:17  SCV x2  
  96  8:23  Siege Tank  
  96  8:25  Factory, Marine  
  100  8:29  Factory  
  100  8:30  Terran Vehicle Weapons Level 1  
  100  8:34  SCV x2, Hellion  
  102  8:35  SCV, Command Center  
  102  8:38  Hellion, Medivac  
  109  8:46  SCV x2  
  109  8:47  Hellion  
  109  8:48  SCV  
  114  8:51  Command Center  
  114  8:53  Hi-Sec Auto Tracking  
  114  8:57  Siege Tank  
  114  8:58  SCV x2  
  114  9:00  Siege Tank  
  114  9:02  Hellion  
  124  9:06  Infernal Pre-Igniter  
  124  9:11  Supply Depot  
  124  9:12  Supply Depot x2  
  124  9:13  Factory Tech Lab  
  124  9:14  Supply Depot  
  124  9:16  Factory Tech Lab  
  124  9:23  Armory  
  124  9:26  Supply Depot  
  124  9:35  Siege Tank x2  
  124  9:37  Hellion  
  124  9:38  Hellion x3  
  138  9:44  SCV x3  
  141  9:50  Neosteel Armor  
  141  9:56  SCV  
  141  9:58  Sensor Tower  
  141  9:59  Hellion x2, Siege Tank  
  149  10:00  Siege Tank  
  152  10:11  SCV x3  
  155  10:14  Sensor Tower  
  155  10:15  Planetary Fortress  
  155  10:17  Refinery  
  159  10:21  Hellion x2, Refinery  
  159  10:23  SCV, Hellion x2  
  157  10:31  Hellion  
  157  10:33  Hellion  
  132  10:46  SCV x2  
  132  10:47  SCV  
  135  10:56  Siege Tank x2  
  134  10:57  Factory Tech Lab  
  134  10:58  SCV  
  134  10:59  SCV x2, Hellion x2, Liberator  
  134  11:00  SCV  
  145  11:10  SCV, Siege Tank  
  145  11:11  SCV x2  
  151  11:12  SCV  
  151  11:14  Planetary Fortress  
  152  11:23  SCV x3  
  152  11:24  SCV, Hellion x2  
  152  11:25  Siege Tank  
  163  11:28  Siege Tank  
  163  11:30  Supply Depot  
  166  11:38  Factory  
  166  11:39  Factory  
  166  11:41  Siege Tank  
  166  11:43  Terran Vehicle Weapons Level 2  
  166  11:45  Terran Ship Weapons Level 1  
  169  11:50  Refinery, Command Center  
  169  11:53  Refinery  
  166  12:22  Thor x3  
  184  12:25  Hellion x2  
  184  12:26  Hellion x3  
  194  12:31  Supply Depot  
  177  12:47  Hellion x2  
  179  13:01  Siege Tank  
  179  13:02  Factory Tech Lab  
  179  13:03  Factory Tech Lab  
  179  13:05  Siege Tank x2  
  188  13:11  SCV x3  
  188  13:12  SCV  
  192  13:13  Hellion  
  192  13:14  Hellion  
  196  13:23  SCV x2  
  196  13:24  SCV  
  193  13:41  Siege Tank x2  
  154  14:18  Thor x6  
  154  14:20  Hellion  
  154  14:21  Hellion, Liberator  
  140  14:54  Terran Vehicle Weapons Level 3, Terran Ship Weapons Level 2  
  140  14:58  Hellion x2  
  138  15:01  Siege Tank, Thor  
  147  15:08  Planetary Fortress, Command Center  
  147  15:10  SCV x3  
  150  15:24  Hellion x2  
  150  15:26  Siege Tank x2, Missile Turret  
  150  15:27  Hellion  
  150  15:28  Hellion  
  146  16:01  Siege Tank x4  
  146  16:03  Hellion x4  
  166  16:12  Liberator  
  166  16:14  SCV x2  
  166  16:15  SCV x2  
  173  16:25  Hellion x3  
  179  16:26  SCV  
  179  16:27  Hellion  
  182  16:33  Siege Tank  
  182  16:36  Siege Tank x3  
  194  16:52  Hellion x2  
  194  16:53  Hellion  
  190  17:49  Siege Tank  
  190  17:50  Siege Tank x2  
  170  18:22  Hellion, Thor x3  
  170  18:23  Hellion, Thor  
  183  18:41  Hellion  
  183  18:42  Hellion  
  183  18:44  Hellion x2  
Tags
 
Add a new tag
Caveats
  • Supply blocks, unpowered buildings, or Contaminate may cause inaccurate times.
  • Supply counts are checked every 10 seconds.